 Dungeon Crawl Stone Soup version 0.23-a0-612-gcb482e9 (webtiles) character file.

982 zishaf the Cleaver (level 8, -1/106 HPs)
             Began as a Hill Orc Monk on Dec 21, 2018.
             Was a Believer of Beogh.
             Killed from afar by Dowan (11 damage)
             ... with a stone arrow
             ... on level 6 of the Dungeon.
             The game lasted 00:09:18 (6634 turns).

zishaf the Cleaver (Hill Orc Monk)                  Turns: 6634, Time: 00:09:18

Health: -1/106     AC: 24    Str: 20    XL:     8   Next: 17%
Magic:  11/11      EV:  2    Int: 10    God:    Beogh [**....]
Gold:   238        SH:  0    Dex: 13    Spells: 7/7 levels left

rFire    . . .     SeeInvis .   a - +1 war axe (chop)
rCold    . . .     Gourm    .   (no shield)
rNeg     + + +     Faith    .   (armour currently unavailable)
rPois    +         Spirit   .   (helmet currently unavailable)
rElec    .         Reflect  .   (cloak currently unavailable)
rCorr    .         Harm     .   (gloves currently unavailable)
MR       .....     NoTele   +   (boots currently unavailable)
Stlth    ++........             v - amulet of magic regeneration (curse)
HPRegen  0.27/turn              p - +4 ring of strength
MPRegen  0.37/turn              (no ring)

@: lethally poisoned (-1 -> -18), tree-form (expiring)
A: no striking features
a: Smiting, Renounce Religion


You were on level 6 of the Dungeon.
You worshipped Beogh.
Beogh was pleased with you.
You were not hungry.
You were a tree.
You visited 1 branch of the dungeon, and saw 6 of its levels.

You collected 238 gold pieces.

Inventory:

Hand Weapons
 a - a +1 war axe of chopping (weapon)
 b - a +0 hunting sling
Missiles
 n - 86 sling bullets
 o - 168 stones (quivered)
Armour
 l - a +0 scale mail (melded)
 q - a +0 helmet (melded)
 x - a scarf of resistance (melded)
Jewellery
 p - a +4 ring of strength (left branch)
 v - a cursed amulet of magic regeneration (around neck)
Wands
 y - a wand of disintegration (10)
Scrolls
 f - 4 scrolls of teleportation {unknown}
 g - 2 scrolls of immolation {unknown}
 h - 2 scrolls of random uselessness {unknown}
 k - a scroll of fear {unknown}
 r - 3 scrolls of magic mapping {unknown}
 t - a scroll of noise {unknown}
 u - 2 scrolls of remove curse {unknown}
 z - a scroll of amnesia {unknown}
 A - a scroll of vulnerability {unknown}
Potions
 d - a potion of cancellation {unknown}
 e - a potion of lignification
 i - a potion of flight
 j - a potion of might
 s - 2 potions of heal wounds
 w - a potion of brilliance
Comestibles
 c - 9 rations
 B - 5 chunks of flesh


   Skills:
 + Level 6.4 Fighting
 + Level 8.1 Axes
 + Level 4.6 Armour
 - Level 3.0 Dodging
 - Level 1.5 Stealth
 + Level 4.0 Invocations


You had 7 spell levels left.
You didn't know any spells.
Your spell library was empty.

Dungeon Overview and Level Annotations

Branches:
Dungeon (6/15)             Temple (0/1) D:5

Altars:
Ashenzari
Gozag
Hepliaklqana
Nemelex Xobeh
Qazlal
Sif Muna
Wu Jian
Yredelemnul

Annotations:
D:5 Blork the orc
D:6 Dowan


Message History

Dowan blinks!
You feel sick.
You hit Dowan.
Dowan is heavily wounded.
You feel sick. Dowan hits you but does no damage.
Dowan says, "Magic will overcome all!"
Dowan hits you with a +6 dagger of venom.
* * * LOW HITPOINT WARNING * * *
You are more poisoned.
You barely miss Dowan.
Dowan is heavily wounded.
You feel sick. Dowan hits you but does no damage.
You are lethally poisoned!
You closely miss Dowan.
Dowan is heavily wounded.
* * * LOW HITPOINT WARNING * * *
You feel sick. Dowan casts a spell at you. The stone arrow hits you!
You die...

######### #.......#
############........
#.?..>..........##.#
#.#♣###.####.#...#.#
#e# #.# #.......#
#.# #[# #.......#
#.# #.# ####.####
... ..# #.# #.# ###
#.# #.# #+# #.#


You could see Dowan.

Vanquished Creatures
  Duvessa (D:6)
  An ice beast (D:5)
  An ogre (D:4)
  A phantom (D:6)
  A centaur (D:6)
  A bullfrog (D:6)
  2 orc priests (D:4)
  2 hounds
  4 orc wizards
  2 worker ants
  A hound skeleton (D:4)
  8 gnolls
  2 adders
  2 oozes
  A worm (D:2)
  A dart slug (D:3)
  2 leopard geckos
  13 orcs
  3 giant cockroaches (D:2)
  9 goblins
  4 hobgoblins
  5 jackals (D:3)
  6 kobolds
  8 quokkas
  A ball python (D:6)
  8 bats
  6 frilled lizards
  A leopard gecko skeleton (D:5)
  7 rats
104 creatures vanquished.

Vanquished Creatures (others)
  An orc wizard (D:4)
  5 orcs (D:4)
6 creatures vanquished.

Grand Total: 110 creatures vanquished

Notes
Turn   | Place    | Note
-------+----------+-------------------------------------------
     0 | D:1      | zishaf the Hill Orc Monk began the quest for the Orb.
     0 | D:1      | Reached XP level 1. HP: 19/19 MP: 1/1
   291 | D:1      | Reached XP level 2. HP: 15/27 MP: 2/2
   907 | D:1      | Reached skill level 1 in Armour
   910 | D:1      | Reached XP level 3. HP: 20/33 MP: 3/3
  1398 | D:2      | Found an opulent altar of Gozag.
  1414 | D:2      | Found a sparkling altar of Nemelex Xobeh.
  1861 | D:2      | Found a stormy altar of Qazlal.
  2017 | D:2      | Reached skill level 5 in Axes
  2017 | D:2      | Reached XP level 4. HP: 40/40 MP: 4/4
  2271 | D:2      | Found a deep blue altar of Sif Muna.
  2622 | D:3      | Found an ornate altar of the Wu Jian Council.
  2758 | D:3      | Found a hazy altar of Hepliaklqana.
  2767 | D:3      | Found a basalt altar of Yredelemnul.
  3195 | D:3      | Reached XP level 5. HP: 14/47 MP: 5/5
  3856 | D:4      | Became a worshipper of Beogh the Brigand
  3856 | D:4      | Reached * piety under Beogh
  3856 | D:4      | Reached ** piety under Beogh
  3883 | D:3      | Reached skill level 6 in Axes
  4318 | D:4      | Reached XP level 6. HP: 55/55 MP: 6/6
  4384 | D:4      | Reached skill level 5 in Fighting
  4664 | D:4      | Reached skill level 7 in Axes
  4860 | D:4      | Reached skill level 1 in Invocations
  5187 | D:4      | Reached XP level 7. HP: 60/61 MP: 8/8
  5604 | D:5      | Entered Level 5 of the Dungeon
  5732 | D:5      | Found a staircase to the Ecumenical Temple.
  5744 | D:5      | Found a shattered altar of Ashenzari.
  6303 | D:5      | Noticed Blork the orc
  6594 | D:6      | Noticed Dowan
  6596 | D:6      | Reached skill level 8 in Axes
  6596 | D:6      | Reached XP level 8. HP: 60/70 MP: 10/10
  6596 | D:6      | Noticed Duvessa
  6617 | D:6      | Killed Duvessa
  6634 | D:6      | Killed from afar by Dowan

Vault maps used:
D:1:      dpeg_arrival_erosion
D:2:      nemelex_xobeh_ov_fountains_minmay, lemuel_doored_altar,
          nicolae_gozag_cash_rules_everything_around_me, grunt_qazlal_clouds
D:3:      nicolae_overflow_hidden_temple, minmay_misc_feat_tiny
D:4:      kb_forest_paths
D:5:      ashenzari_altar_1, minmay_temple_entry_junction, first_ration,
          uniq_blork_the_orc
D:6:      uniq_duvessa

Skill      XL: |  1  2  3  4  5  6  7  8 |
---------------+-------------------------+-----
Armour         | 1 2 3 4 |  4.6
Fighting       | 4 5 6 |  6.4
Axes           | 5 6 7 8 |  8.1
Dodging        | 3 |  3.0
Invocations    | 1 3 4 |  4.0
Stealth        | |  1.5

Action                   |  1- 3 |  4- 6 |  7- 9 || total
-------------------------+-------+-------+-------++-------
Melee: Hand axe          |   119 |   180 |    24 ||   323
       War axe           |       |       |    49 ||    49
 Fire: Hunting sling     |       |    61 |    54 ||   115
Invok: Convert to Beogh  |       |     1 |       ||     1
       Smiting           |       |     2 |       ||     2
  Use: Scroll            |       |       |     6 ||     6
       Potion            |       |       |     2 ||     2
 Stab: Sleeping          |     1 |       |       ||     1
  Eat: Chunk             |     3 |     6 |     2 ||    11
       Ration            |       |     1 |     1 ||     2
Armor: Robe              |     4 |       |       ||     4
       Ring mail         |    13 |       |       ||    13
       Scale mail        |     3 |    85 |    23 ||   111
       Skin              |       |       |     6 ||     6
Dodge: Dodged            |    76 |   123 |    42 ||   241

Table legend:
 A = Non-vault XP
 B = Vault XP
 C = Vault XP percentage of total XP
 D = Non-vault monster count
 E = Vault monster count
 F = Vault count percentage of total count
                 A         B        C        D         E       F
            +---------+---------+-------+---------+---------+-------
      Total |    1200 |     203 |  14.5 |     100 |       4 |   3.8
            +---------+---------+-------+---------+---------+-------
        D:1 |      47 |       0 |   0.0 |      19 |       0 |   0.0
        D:2 |      58 |       0 |   0.0 |      21 |       0 |   0.0
        D:3 |     174 |       0 |   0.0 |      28 |       0 |   0.0
        D:4 |     348 |      61 |  14.9 |      18 |       3 |  14.3
        D:5 |     214 |       0 |   0.0 |       7 |       0 |   0.0
        D:6 |     359 |     142 |  28.3 |       7 |       1 |  12.5
            +---------+---------+-------+---------+---------+-------
